 Dungeon Crawl Stone Soup version 0.19-a0-816-geccf914 (webtiles) character file.

15931 Musica the Grappler (level 12, -7/126 HPs)
             Began as a Troll Monk on June 29, 2016.
             Was an Elder of Hepliaklqana.
             Mangled by a freezing wraith (11 damage)
             ... in an ice cave.
             The game lasted 00:38:48 (10063 turns).

Musica the Grappler (Troll Monk)                   Turns: 10063, Time: 00:38:48

Health: -7/126     AC:  9    Str: 22    XL:     12   Next: 5%
Magic:  12/12      EV: 15    Int:  6    God:    Hepliaklqana [****..]
Gold:   694        SH:  0    Dex: 20    Spells: 0 memorised, 11 levels left

rFire  . . .     SeeInvis .       - Unarmed
rCold  + . .     Gourm    +     v - +0 robe {rC+}
rNeg   . . .     Faith    .     (no shield)
rPois  .         Spirit   .     x - +2 hat
rElec  +         Dismiss  .     (no cloak)
rCorr  .         Reflect  .     (gloves unavailable)
SustAt .         Harm     .     (boots unavailable)
MR     .....     Clarity  +     (no amulet)
Stlth  ++........               (no ring)
                                c - +4 ring of evasion

@: slowed, studying Staves, very slow, not resistant to hostile enchantments,
unstealthy
A: unfitting armour, beak, claws 3, icy blue scales 1, agile 2, clarity, fast
metabolism 3, gourmand, low mp 1, regeneration 2, shaggy fur 2, electricity
resistance, tough skin 2
a: Recall Ancestor, Ancestor Identity, Transference, Idealise, Renounce Religion


You were in an ice cave.
You worshipped Hepliaklqana.
Hepliaklqana was greatly pleased with you.
You were very full.

You visited 3 branches of the dungeon, and saw 15 of its levels.
You also visited: Ice Cave.

You collected 694 gold pieces.

Inventory:

Missiles
 d - 31 poisoned needles
 l - 4 needles of confusion
 F - 3 javelins (quivered)
 I - 24 tomahawks
 M - 2 throwing nets
 O - a steel tomahawk
Armour
 a - a +1 robe
 v - a +0 robe of cold resistance (worn)
 x - a +2 hat (worn)
Magical Staves
 J - an uncursed staff of death
Jewellery
 c - a +4 ring of evasion (left claw)
 g - an uncursed ring of poison resistance
Wands
 e - a wand of teleportation (5/9)
 m - a wand of flame (29/48)
 t - a wand of lightning (9/15)
 y - a wand of iceblast (4/15)
 D - a wand of iceblast (12/15)
 K - a wand of enslavement (8/24)
 N - a wand of iceblast (7/15)
 P - a wand of slowing (16/48)
 Q - a wand of random effects (26/48)
Scrolls
 o - 12 scrolls of identify
 q - 4 scrolls of enchant weapon
 r - 3 scrolls of remove curse
 s - 2 scrolls of teleportation
 u - a scroll of recharging
 E - 3 scrolls of amnesia
 R - a scroll of enchant armour
Potions
 h - 2 potions of flight
 i - 3 potions of lignification
 n - 2 potions of curing
 p - a potion of agility
 B - a potion of brilliance
 H - a potion of cure mutation
 T - a potion of berserk rage {unknown}
Books
 z - a book of the Earth

   Spells                             Type                      Level
   a - Leda's Liquefaction            Hexes/Earth                  4
   b - Bolt of Magma                  Conjuration/Fire/Earth       5
   c - Statue Form                    Transmutation/Earth          6
   d - Iron Shot                      Conjuration/Earth            6
   e - Shatter                        Earth                        9
 L - a book of Minor Magic

   Spells                             Type                      Level
   a - Magic Dart                     Conjuration                  1
   b - Blink                          Translocation                2
   c - Call Imp                       Summoning                    2
   d - Repel Missiles                 Charms/Air                   2
   e - Slow                           Hexes                        2
   f - Conjure Flame                  Conjuration/Fire             3
   g - Mephitic Cloud                 Conjuration/Poison/Air       3
 S - a manual of Staves
Miscellaneous
 U - a fan of gales
Comestibles
 b - 9 bread rations
 j - 3 fruits
 k - a beef jerky
 w - 2 royal jellies
 A - 6 meat rations
 C - a slice of pizza


   Skills:
 + Level 10.1 Fighting
 + Level 6.3 Throwing
 - Level 2.4 Dodging
 - Level 1.1 Stealth
 + Level 13.6 Unarmed Combat
 * Level 3.4 Invocations
 + Level 1.0 Evocations


You had 11 spell levels left.
You didn't know any spells.

Dungeon Overview and Level Annotations

Branches:
Dungeon (12/15)            Temple (1/1) D:7            Lair (2/6) D:11
  Swamp (0/4) Lair:2
  Snake: Lair:2-4    Spider: Lair:2-4       Orc: D:9-12

Altars:
Ashenzari
Cheibriados
Dithmenos
Elyvilon
Fedhas
Gozag
Hepliaklqana
Kikubaaqudgha
Makhleb
Nemelex Xobeh
Okawaru
Pakellas
Qazlal
Ru
Sif Muna
Trog
Uskayaw
Vehumet
Xom
Yredelemnul
Zin
The Shining One

Shops:
D:7 *

Portals:
Trove: D:10 (give wand of hasting (9))


Innate Abilities, Weirdness & Mutations

You are too large for most types of armour.
You have claws for hands.
Your metabolism is lightning-fast.
You like to eat raw meat.
You heal very quickly.
You are covered in thick fur. (AC +2)
You have very tough skin. (AC +2)
You have a beak for a mouth.
You are partially covered in icy blue scales. (AC +1)
You are very agile. (Dex +4)
You possess an exceptional clarity of mind.
Your magical capacity is low. (-10% MP)
You are resistant to electric shocks. (rElec)


Message History

The freezing wraith freezes you! You resist.
* * * LOW HITPOINT WARNING * * *
The freezing wraith hits you!
* * * LOW HITPOINT WARNING * * *
Unknown command.
Okay, then.
Okay, then.
Unknown command.
You feel better.
The freezing wraith hits you but does no damage.
The freezing wraith hits you.
* * * LOW HITPOINT WARNING * * *
The freezing wraith drains your vigour!
You feel as though you will be slow longer.
You closely miss the freezing wraith.
The freezing wraith is heavily damaged.
The freezing wraith hits you!
* * * LOW HITPOINT WARNING * * *
The freezing wraith freezes you! You resist.
You die...

#..######
##..## .#
#...## ..#
##...##
..#
##...##
#.#
##...##.(#
##..#..#
#.....#
##@W.##
#####


You could see a freezing wraith.

Vanquished Creatures
  Urug (D:10)
  An unseen horror (D:11)
  2 hill giants
  An ugly thing (D:11)
  A centaur skeleton (D:11)
  2 freezing wraiths (IceCv)
  2 ice devils (Lair:2)
  A troll (D:9)
  A two-headed ogre (D:11)
  3 wraiths
  13 yaks
  2 hippogriffs
  A steam dragon (D:9)
  2 water moccasins
  2 porcupines (Lair:1)
  8 ice beasts
  7 orc warriors
  2 sky beasts (D:10)
  3 phantoms
  5 ogres
  An alligator simulacrum (IceCv)
  6 centaurs
  6 crocodiles
  A big kobold (D:8)
  11 giant frogs
  A wyvern zombie (D:10)
  A scorpion (D:10)
  An elephant simulacrum (IceCv)
  A swamp dragon simulacrum (IceCv)
  4 wights
  A howler monkey (D:3)
  5 crimson imps
  3 jellies
  A giant frog zombie (D:8)
  3 giant frog skeletons
  11 orc priests
  4 hounds
  9 orc wizards
  9 worker ants
  Natasha (twice) (D:2)
  A killer bee zombie (D:7)
  2 worker ant zombies
  A howler monkey zombie (D:6)
  6 adders
  A river rat (D:11)
  A shadow imp (D:5)
  4 white imps (IceCv)
  An ooze (D:5)
  An adder zombie (D:7)
  An adder skeleton (D:7)
  3 worms
  5 dart slugs
  7 giant geckos
  34 orcs
  2 ball pythons
  15 bats
  7 giant cockroaches
  9 goblins
  9 hobgoblins
  9 jackals
  5 quokkas
  A giant cockroach zombie (D:6)
  A giant gecko zombie (D:6)
  6 giant newts
  7 kobolds
  A quokka skeleton (D:6)
  21 rats
302 creatures vanquished.

Vanquished Creatures (collateral kills)
  A freezing wraith (IceCv)
  A merfolk (D:11)
  A troll (D:10)
  A shadow (D:11)
  5 yaks
  A hungry ghost (D:10)
  An ice beast (IceCv)
  A wasp (D:11)
  A black bear (D:11)
  An orc warrior (D:8)
  2 centaurs
  2 giant frogs
  2 wights (D:10)
  An orc priest (D:9)
  3 quasits
  An orc wizard (D:9)
  An iguana (D:10)
  A worker ant (D:10)
  A wolf simulacrum (IceCv)
  A hound skeleton (D:8)
  2 worker ant zombies
  2 river rats (D:11)
  A white imp (IceCv)
  3 orcs (D:11)
  4 bats (D:11)
  4 rats (D:11)
  A plant (D:11)
46 creatures vanquished.

Vanquished Creatures (others)
  A battlemage (IceCv)
1 creature vanquished.

Grand Total: 349 creatures vanquished

Notes
Turn   | Place    | Note
--------------------------------------------------------------
     0 | D:1      | Musica the Troll Monk began the quest for the Orb.
     0 | D:1      | Reached XP level 1. HP: 22/22 MP: 0/0
   120 | D:1      | Reached XP level 2. HP: 28/29 MP: 1/1
   614 | D:1      | Reached XP level 3. HP: 31/37 MP: 2/2
   952 | D:2      | Reached XP level 4. HP: 45/45 MP: 3/3
   964 | D:2      | Found a stormy altar of Qazlal.
  1032 | D:2      | You fall through a shaft!
  1069 | D:3      | Reached skill level 4 in Unarmed Combat
  1167 | D:3      | Found a snail-covered altar of Cheibriados.
  1305 | D:2      | Found an ancient bone altar of Kikubaaqudgha.
  1336 | D:2      | Found an oddly glowing altar of Pakellas.
  1554 | D:2      | Noticed Natasha
  1565 | D:2      | Killed Natasha
  1659 | D:2      | Noticed Natasha
  1663 | D:2      | Killed Natasha
  1663 | D:2      | Reached XP level 5. HP: 49/54 MP: 4/4
  2062 | D:3      | Reached skill level 5 in Unarmed Combat
  2402 | D:4      | Reached XP level 6. HP: 62/62 MP: 5/5
  2445 | D:4      | Reached skill level 6 in Unarmed Combat
  2523 | D:5      | Entered Level 5 of the Dungeon
  2548 | D:4      | Reached XP level 7. HP: 57/71 MP: 6/6
  2834 | D:4      | Found a bloodstained altar of Trog.
  2885 | D:4      | Found a deep blue altar of Sif Muna.
  2885 | D:4      | Found a sparkling altar of Nemelex Xobeh.
  3028 | D:5      | Found a sacrificial altar of Ru.
  3107 | D:5      | Reached skill level 5 in Fighting
  3109 | D:5      | Found a shattered altar of Ashenzari.
  3193 | D:5      | Reached skill level 7 in Unarmed Combat
  3274 | D:5      | Found a radiant altar of Vehumet.
  3404 | D:5      | Reached skill level 1 in Throwing
  3432 | D:5      | Found a glowing golden altar of the Shining One.
  3606 | D:5      | Reached XP level 8. HP: 81/81 MP: 7/7
  3801 | D:6      | Reached skill level 8 in Unarmed Combat
  4874 | D:7      | Reached skill level 9 in Unarmed Combat
  4874 | D:7      | Reached XP level 9. HP: 37/92 MP: 8/8
  5210 | D:7      | Found Ponnuvvy's General Store.
  5360 | D:7      | Found a staircase to the Ecumenical Temple.
  5371 | Temple   | Entered the Ecumenical Temple
  5415 | Temple   | Became a worshipper of Hepliaklqana
  5415 | Temple   | Reached * piety under Hepliaklqana
  5415 | Temple   | Reached ** piety under Hepliaklqana
  5416 | Temple   | Remembered your ancestor Roberta as a battlemage
  5849 | D:8      | Reached skill level 10 in Unarmed Combat
  5885 | D:8      | Found a shimmering altar of Xom.
  6020 | D:8      | Noticed a hill giant
  6027 | D:8      | Killed a hill giant
  6614 | D:9      | Reached XP level 10. HP: 104/104 MP: 9/9
  6631 | D:9      | Reached skill level 11 in Unarmed Combat
  6669 | D:10     | Entered Level 10 of the Dungeon
  7178 | D:9      | Reached *** piety under Hepliaklqana
  7197 | D:9      | Found a burning altar of Makhleb.
  7582 | D:10     | Found a glowing silver altar of Zin.
  7687 | D:10     | Noticed Urug
  7696 | D:10     | Killed Urug
  7696 | D:10     | Reached skill level 12 in Unarmed Combat
  8152 | D:10     | Gained mutation: You possess an exceptional clarity of mind. [mutagenic meat]
  8156 | D:10     | Gained mutation: You are partially covered in icy blue scales. (AC +1) [mutagenic meat]
  8159 | D:10     | Gained mutation: You have a beak for a mouth. [mutagenic meat]
  8166 | D:10     | Gained mutation: You are agile. (Dex +2) [mutagenic meat]
  8169 | D:10     | Gained mutation: Your magical capacity is low. (-10% MP) [mutagenic meat]
  8172 | D:10     | Gained mutation: You are covered in thick fur. (AC +2) [mutagenic meat]
  8552 | D:10     | Reached XP level 11. HP: 100/115 MP: 9/9
  8575 | D:10     | Found a portal to a secret trove of treasure.
  8670 | D:11     | Noticed a cyan ugly thing
  8678 | D:11     | Killed a cyan ugly thing
  8678 | D:11     | Reached skill level 1 in Evocations
  8691 | D:11     | Gained mutation: You are very agile. (Dex +4) [mutagenic meat]
  8694 | D:11     | Gained mutation: You are resistant to electric shocks. (rElec) [mutagenic meat]
  8817 | D:11     | Killed an unseen horror
  9021 | D:11     | Found a staircase to the Lair.
  9052 | D:11     | Noticed a hill giant
  9057 | D:11     | Killed a hill giant
  9057 | D:11     | Reached skill level 5 in Throwing
  9065 | D:11     | Reached **** piety under Hepliaklqana
  9121 | D:11     | Reached skill level 1 in Invocations
  9213 | D:11     | Reached skill level 13 in Unarmed Combat
  9254 | D:11     | Paralysed by a wasp for 3 turns
  9729 | Lair:1   | Entered Level 1 of the Lair of Beasts
  9811 | Lair:2   | Found a frozen archway.
  9815 | Lair:2   | Reached skill level 10 in Fighting
  9826 | IceCv    | Entered an ice cave
  9964 | IceCv    | Reached XP level 12. HP: 104/126 MP: 12/12
 10063 | IceCv    | HP: 4/126 [freezing wraith (9)]
 10063 | IceCv    | Mangled by a freezing wraith

Vault maps used:
D:1:      nagdon_arrival_zigzag_paths, minmay_rat_gold_closets
D:2:      johnstein_pakellas_dig, nicolae_qazlal_general_emergency,
          nicolae_overflow_hidden_temple, kennysheep_generic_room_5,
          uniq_natasha
D:3:      cheibriados_altar_1, first_bread
D:4:      lemuel_coloured_pillars_altar, gammafunk_temple_overflow_wave
D:5:      marbit_many_paths, nicolae_ru_awakened_eye,
          cheibrodos_ashenzari_chains, tso_metal_star
D:7:      serial_shops, shop
D:8:      minmay_distorted_concentric_squares, nicolae_overflow_crystal_walls
D:9:      bloody_makhleb
D:10:     basic_altar, enter_trove_3, uniq_urug
D:11:     argonaut_augean_stables, grunt_lair_entry_orc_guard_hut,
          serial_curves, eino_curves_04, eino_curves_02, hangedman_fish_farm
D:12:     orc_0_dummy
Temple:   cyrus_temple_forest
Lair:1:   basic_altar
Lair:2:   swamp_mist, portal_ice_cave_demonic_guard
IceCv:    ice_cave_small_necro

Skill      XL: |  1  2  3  4  5  6  7  8  9 10 11 |
---------------+----------------------------------+-----
Fighting       | 3 4 5 6 7 9 10 | 10.1
Unarmed Combat | 4 5 6 7 9 10 12 13 | 13.6
Throwing       | 1 2 3 4 6 |  6.3
Evocations     | 1 |  1.0
Invocations    | 3 |  3.4
Dodging        | |  2.4
Stealth        | |  1.1

Action                   |  1- 3 |  4- 6 |  7- 9 | 10-12 || total
-------------------------+-------+-------+-------+-------++-------
Melee: Unarmed           |   124 |   100 |   269 |   348 ||   841
       Punch             |     1 |     3 |    11 |    33 ||    48
       Peck              |       |       |       |    71 ||    71
Throw: Javelin           |       |     1 |    13 |    41 ||    55
       Tomahawk          |       |       |    10 |    19 ||    29
Invok: Ancestor Life: Ba |       |       |     1 |       ||     1
       Transference      |       |       |       |     1 ||     1
Evoke: Wand              |       |     1 |     3 |       ||     4
  Use: Potion            |       |     1 |     1 |    13 ||    15
       Scroll            |       |       |     7 |     8 ||    15
 Stab: Sleeping          |     4 |     4 |     2 |     3 ||    13
       Distracted        |       |       |     1 |     4 ||     5
  Eat: Chunk             |    14 |    15 |    34 |    47 ||   110
Armor: Robe              |    29 |    28 |    85 |   100 ||   242
       Skin              |       |       |       |     3 ||     3
Dodge: Dodged            |    50 |    39 |   132 |   201 ||   422
